 Dungeon Crawl Stone Soup version 0.31-a0-656-gb4d89c20fa (webtiles) character file.

Game seed: 4528605447194562895

123 IdlyInterested the Trooper (level 4, -10/37 HPs)
             Began as a Demonspawn Gladiator on Aug 30, 2023.
             Mangled by an orc warrior
             ... wielding a +0 battleaxe
              (20 damage)
             ... on level 4 of the Dungeon.
             The game lasted 00:09:56 (3152 turns).

IdlyInterested the Trooper (Demonspawn Gladiator)   Turns: 3152, Time: 00:09:57

Health: -10/37     AC:  4    Str: 15    XL:     4   Next: 80%
Magic:  4/4        EV: 12    Int: 11    God:
Gold:   167        SH:  0    Dex: 14    Spells: 3/3 levels left

rFire   . . .        p - +2 rapier (venom)
rCold   + . .        (no shield)
rNeg    . . .        a - +0 leather armour
rPois   .            b - +0 helmet
rElec   .            (no cloak)
rCorr   .            (no gloves)
SInv    +            (no boots)
Will    .....        (no amulet)
Stlth   +            n - ring of protection from cold
HPRegen 0.26/turn    v - ring of see invisible
MPRegen 0.09/turn

%: no passive effects
@: no status effects
A: hooves 2
a: no special abilities


You were on level 4 of the Dungeon.
You visited 1 branch of the dungeon, and saw 4 of its levels.
You also visited: Sewer.

You collected 167 gold pieces.

Inventory:

Hand Weapons
 e - a +0 spear
 m - a +0 mace
 p - a +2 rapier of venom (weapon)
 u - a +0 quarterstaff
 A - a +0 falchion
 B - a +0 dagger of venom
 C - a +0 war axe
Missiles
 c - 3 throwing nets
 d - a javelin
 f - a poisoned dart
 i - 12 stones (quivered)
 j - 3 silver javelins
Armour
 a - a +0 leather armour (worn)
 b - a +0 helmet (worn)
 q - a +0 robe
Jewellery
 n - a ring of protection from cold (left hand)
 v - a ring of see invisible (right hand)
Wands
 g - a wand of flame (6)
Scrolls
 k - 3 scrolls of amnesia
 t - a scroll of poison {unknown}
 w - a scroll of vulnerability
 x - 2 scrolls of silence {unknown}
 y - a scroll of immolation
Potions
 h - 4 potions of curing
 l - 3 potions of might
 o - a potion of enlightenment {unknown}
 r - a potion of cancellation
 s - a potion of degeneration {unknown}
 z - a potion of heal wounds


   Skills:
 * Level 4.2 Fighting
 - Level 1.7 Throwing
 - Level 1.0 Armour
 - Level 2.6 Dodging
 - Level 1.0 Stealth
 + Level 0.1 Shields
 - Level 3.0 Unarmed Combat
 - Level 1.0 Evocations


You had 3 spell levels left.
You didn't know any spells.
Your spell library contained the following spells:

 Spells                   Type           Power      Damage    Failure   Level
 Passwall                 Tmut/Erth      0%         N/A       54%         2
 Confusing Touch          Hex            0%         N/A       78%         3
 Anguish                  Hex/Necr       0%         N/A       99%         4
 Enfeeble                 Hex            0%         N/A       100%        7


Dungeon Overview and Level Annotations

Branches:
Dungeon (4/15)              Sewer (visited)
 Temple: D:4-7

Altars:
Cheibriados
Dithmenos
Okawaru


Innate Abilities, Weirdness & Mutations

You have hoof-like feet.


Message History

There is an open door here.
An orc comes into view.
It is wielding a +0 club and wearing a +2 ring mail of willpower.
The orc shouts!
You hear a shout! x2
An orc comes into view. It is wielding a +0 dagger.
An orc warrior and an orc wizard come into view.
The orc warrior shouts!
An orc wizard comes into view. It is wielding a +0 dagger.
Throw: 13 stones
Press: ? - help, Q - select action, (/) - cycle Shift-Dir - straight line, f - orc
Aim: an orc, wielding a +0 club and wearing a +2 ring mail of willpower (61% to hit)
You throw a stone. The stone completely misses the orc.
You hit the orc.
The orc is poisoned.
The orc is heavily wounded.
The orc closely misses you.
You hit the orc.
You kill the orc!
You don't have any such object.
Fire/throw/use which item? ([*] to toss any item) (? for menu, Esc to quit)
You don't have any such object.
Fire/throw/use which item? ([*] to toss any item) (? for menu, Esc to quit)
Throw: 2 darts (poison)
Press: ? - help, Shift-Dir - straight line, f - orc warrior
Aim: an orc warrior, wielding a +0 battleaxe, wearing a +0 plate armour and quivering boomerangs (57% to hit)
You throw a poisoned dart. The poisoned dart hits the orc warrior.
You hit the orc warrior but do no damage.
The orc warrior is poisoned.
The orc warrior hits you with a +0 battleaxe.
You hit the orc warrior.
The orc warrior looks as sick as possible!
You kick the orc warrior, but do no damage.
The orc warrior is lightly wounded.
The orc warrior closely misses you.
You closely miss the orc warrior.
The orc warrior is moderately wounded.
The orc warrior hits you with a +0 battleaxe!!
Ouch! That really hurt!
* * * LOW HITPOINT WARNING * * *
The orc warrior hits you with a +0 battleaxe!!
Ouch! That really hurt!
You die...

....................#....#
....................#....+
######.##'#####..###..#
...###.##.##.##..###..##
.........o.........#...#
...
..................†#...#
...
.......o...oo......†...#
...
...##..##.##o###..##.###
..# #.. #.##@###..##.# ..#
.... ..#..........# ..#
oo......+..........+ ..#
..........#..........# ..#
..o.......#..........# ..#
...#####+###..##...#..#
..# #..<.###..##...####
..# #....#.....#....# ..#
#....'.....#....#


You could see an orc warrior (extremely poisoned), 2 orc wizards and an orc
(wandering).

Vanquished Creatures
  An iguana (D:4)
  2 adders
  2 worms
  2 dart slugs (D:4)
  2 orcs
  6 endoplasms
  3 giant cockroaches (D:3)
  4 hobgoblins
  3 jackals (D:2)
  5 kobolds
  5 quokkas
  A ball python (D:3)
  4 bats
  11 frilled lizards
  7 goblins
  11 rats
69 creatures vanquished.

Notes
Turn   | Place    | Note
-------+----------+-------------------------------------------
     0 | D:1      | IdlyInterested the Demonspawn Gladiator began the quest for
                  | the Orb.
     0 | D:1      | Reached XP level 1. HP: 16/16 MP: 1/1
    86 | D:1      | Found a faded altar of an unknown god.
   213 | D:1      | Gained mutation: You have large cloven feet. [demonic
                  | ancestry]
   213 | D:1      | Reached XP level 2. HP: 22/23 MP: 2/2
  1180 | D:2      | Reached skill level 1 in Armour
  1194 | D:2      | Gained mutation: You have hoof-like feet. [demonic
                  | ancestry]
  1194 | D:2      | Reached XP level 3. HP: 21/28 MP: 3/3
  1305 | D:2      | Reached skill level 3 in Fighting
  1915 | D:3      | Found a glowing drain.
  1964 | D:3      | Reached skill level 1 in Stealth
  1965 | Sewer    | Entered a sewer
  2239 | Sewer    | Reached XP level 4. HP: 34/35 MP: 4/4
  2297 | D:3      | Got Sodiugap's Secrets of Amorphous Jinxing
  2609 | D:3      | Found a shadowy altar of Dithmenos.
  2609 | D:3      | Found a snail-covered altar of Cheibriados.
  2910 | D:4      | Found an iron altar of Okawaru.
  3111 | D:4      | Reached skill level 4 in Fighting
  3111 | D:4      | Reached skill level 1 in Evocations
  3138 | D:4      | Noticed an orc warrior
  3152 | D:4      | Mangled by an orc warrior

Illustrated notes

Levels and vault maps discovered:
D:1:      dpeg_arrival_tiny_i, layout_loops_cross,
          chequers_ecumenical_altar_simple_redux
D:2:      layout_loops_ring, nicolae_elevator_lobby_asterisk
D:3:      layout_basic, gammafunk_temple_overflow_claw, portal_sewer_entry_f
D:4:      layout_gridville, bloody_trog, mainiacjoe_overflow_brackets,
          okawaru_ov_weapons_minmay, hangedman_decor_clover_reticule

Skill      XL: |  1  2  3  4 |
---------------+-------------+-----
Unarmed Combat | 3 |  3.0
Armour         | 1 |  1.0
Fighting       | 3 4 |  4.2
Stealth        | 1 |  1.0
Evocations     | 1 |  1.0
Throwing       | |  1.7
Dodging        | |  2.6
Shields        | |  0.1

Action                     |  1- 3 |  4- 6 || total
---------------------------+-------+-------++-------
  Melee: Unarmed           |   174 |    16 ||   190
         Punch             |     3 |     1 ||     4
         Kick              |    31 |     7 ||    38
         Rapier            |       |    18 ||    18
  Throw: Stone             |       |    12 ||    12
         Dart              |       |     1 ||     1
    Use: Scroll            |     4 |     1 ||     5
         Potion            |     1 |     2 ||     3
   Stab: Sleeping          |     2 |       ||     2
 Armour: Leather armour    |    54 |     4 ||    58
  Dodge: Dodged            |   122 |    16 ||   138

Table legend: (Time is in decaauts)
 A = Elapsed time spent in this place.
 B = Non-inter-level travel time spent in this place.
 C = Inter-level travel time spent in this place.
 D = Time resting spent in this place.
 E = Time spent auto-exploring this place.
 F = Levels seen in this place.
 G = Mean time per level.
                   A        B        C        D        E       F      G
               +--------+--------+--------+--------+--------+-----+--------+
         Total |   3190 |   2703 |    487 |    205 |   1539 |   5 |  638.0 |
       Dungeon |   2855 |   2368 |    487 |    155 |   1433 |   4 |  713.8 |
         Sewer |    335 |    335 |      0 |     50 |    106 |   1 |  335.0 |
               +--------+--------+--------+--------+--------+-----+--------+

Top non-repeatable levels by time:
     D:3: 1032 daAuts
     D:1: 834 daAuts
     D:2: 819 daAuts
   Sewer: 335 daAuts
     D:4: 168 daAuts
